 Dungeon Crawl Stone Soup version 0.29.1-13-g9f3cf754e1 (webtiles) character file.

Game seed: 264206317376056835

279 kingofthe the Covered (level 6, -10/56 HPs)
             Began as a Minotaur Fighter on Jan 23, 2023.
             Mangled by a gnoll sergeant
             ... wielding a +1 spear of distortion
              (11 damage)
             ... on level 4 of the Dungeon.
             The game lasted 00:07:36 (3484 turns).

kingofthe the Covered (Minotaur Fighter)            Turns: 3484, Time: 00:07:37

Health: -10/56     AC:  7    Str: 21    XL:     6   Next: 5%
Magic:  0/5        EV: 10    Int:  5    God:
Gold:   195        SH:  4    Dex: 11    Spells: 5/5 levels left

rFire   . . .      SeeInvis .   a - +2 short sword (venom)
rCold   . . .      Faith    .   c - +0 buckler
rNeg    . . .      Spirit   +   p - +0 scale mail
rPois   .          Reflect  .   (helmet restricted)
rElec   .          Harm     .   (no cloak)
rCorr   .          Rampage  .   (no gloves)
Will    .....                   (no boots)
Stlth   ..........              g - amulet of guardian spirit
HPRegen 0.18/turn               (no ring)
MPRegen 0.09/turn               (no ring)

@: flying
A: horns 2, retaliatory headbutt
a: no special abilities


You were on level 4 of the Dungeon.
You visited 1 branch of the dungeon, and saw 4 of its levels.
You also visited: Sewer.

You collected 195 gold pieces.

Inventory:

Hand Weapons
 a - a +2 short sword of venom (weapon)
 b - a +0 sling
 y - a +0 trident
Armour
 c - a +0 buckler (worn)
 p - a +0 scale mail (worn)
Jewellery
 g - an amulet of guardian spirit (around neck)
Scrolls
 e - a scroll of teleportation {unknown}
 h - a scroll of enchant weapon {unknown}
 j - a scroll of acquirement {unknown}
 l - a scroll of fog {unknown}
 n - 2 scrolls of identify {unknown}
 r - a scroll of noise {unknown}
 s - a scroll of immolation {unknown}
 t - a scroll of fear {unknown}
 u - 2 scrolls of summoning {unknown}
Potions
 d - 2 potions of might
 f - a potion of attraction {unknown}
 i - 2 potions of mutation {unknown}
 k - 2 potions of brilliance {unknown}
 m - a potion of berserk rage {unknown}
 o - 2 potions of haste {unknown}
 q - 2 potions of curing {unknown}
 v - a potion of experience {unknown}
 w - a potion of magic {unknown}
 x - 5 potions of flight
 z - 2 potions of heal wounds {unknown}


   Skills:
 + Level 5.1 Fighting
 - Level 4.3 Polearms
 + Level 0.0 Ranged Weapons
 + Level 5.2 Armour
 * Level 2.4 Dodging
 - Level 4.0 Shields


You had 5 spell levels left.
You didn't know any spells.
Your spell library contained the following spells:

 Spells                   Type           Power      Damage    Failure   Level
 Poisonous Vapours        Pois/Air       0%         N/A       95%         2
 Corpse Rot               Necr/Pois/Air  0%         N/A       100%        4


Dungeon Overview and Level Annotations

Branches:
Dungeon (4/15)              Sewer (visited)
 Temple: D:4-7

Altars:


Innate Abilities, Weirdness & Mutations

You have a pair of horns on your head.
You reflexively headbutt those who attack you in melee.


Message History

Space warps around you. The gnoll hits you with a +0 whip.
You closely miss the gnoll.
The gnoll is lightly wounded.
You block the gnoll sergeant's attack. The gnoll barely misses you.
The gnoll hits you from afar with a +0 spear.
You hit the gnoll but do no damage. Your headbutt misses the gnoll.
The gnoll is lightly wounded.
You block the gnoll sergeant's attack. You block the gnoll's attack.
The gnoll closely misses you. x2; You furiously retaliate!
You headbutt the gnoll!
You kill the gnoll!
The gnoll sergeant hits you from afar with a +1 spear of distortion.
Space warps around you.
The gnoll hits you from afar with a +0 spear.
The gnoll barely misses you.
The gnoll sergeant hits you but does no damage.
Space warps around you. The gnoll hits you with a +0 spear.
There is an open door here.
You see here a +0 whip.
You are too injured to fight recklessly!
You are too injured to fight recklessly!
The gnoll attacks as you move away! The gnoll hits you but does no damage.
The gnoll hits you from afar with a +0 spear.
The gnoll sergeant hits you from afar with a +1 spear of distortion!
Space warps around you.
* * * LOW HITPOINT WARNING * * *
You hit the gnoll.
The gnoll is poisoned.
Your headbutt misses the gnoll.
The gnoll is moderately wounded.
The gnoll sergeant hits you from afar with a +1 spear of distortion!
* * * LOW HITPOINT WARNING * * *
Space warps around you.
* * * LOW HITPOINT WARNING * * *
The gnoll hits you but does no damage.
The gnoll hits you from afar with a +0 spear.
* * * LOW HITPOINT WARNING * * *
Okay, then.
You feel very buoyant.
You fly up into the air.
The gnoll closely misses you.
The gnoll sergeant hits you from afar with a +1 spear of distortion!
You die...

#.# ### #.# #[# #.# #.#
#.# ##'##### #.# #.#
#..)...# ###.##### #.#
#......# #≈≈≈≈≈≈≈≈≈##.#
#......# #≈##≈≈≈##≈...#
#......###≈#######≈####
+.........≈≈#g..#≈
#......##..@gg.!#
#......###≈≈#g..#
######## #≈###### #≈#
#≈≈ ###


You could see a gnoll sergeant and 3 gnolls.

Vanquished Creatures
  Robin (D:4)
  A gnoll (D:4)
  10 adders
  7 river rats
  2 worms (D:3)
  A dart slug (D:1)
  2 orcs
  8 ball pythons
  5 endoplasms
  3 giant cockroaches
  10 goblins
  8 hobgoblins
  8 jackals
  7 quokkas
  9 bats
  5 frilled lizards
  6 kobolds
  6 rats
99 creatures vanquished.

Notes
Turn   | Place    | Note
-------+----------+-------------------------------------------
     0 | D:1      | kingofthe the Minotaur Fighter began the quest for the Orb.
     0 | D:1      | Reached XP level 1. HP: 19/19 MP: 0/0
    63 | D:1      | Reached XP level 2. HP: 27/27 MP: 1/1
   601 | D:2      | Reached XP level 3. HP: 26/33 MP: 2/2
   662 | D:2      | Found a faded altar of an unknown god.
   966 | D:2      | You fall into a shaft and drop 2 floors!
  1146 | D:3      | Reached XP level 4. HP: 41/41 MP: 3/3
  1199 | D:3      | Found a glowing drain.
  1209 | Sewer    | Entered a sewer
  1296 | Sewer    | Reached skill level 1 in Dodging
  1722 | Sewer    | Reached XP level 5. HP: 47/47 MP: 4/4
  1951 | Sewer    | Reached skill level 5 in Armour
  2136 | Sewer    | Reached skill level 5 in Fighting
  3279 | D:4      | Noticed Robin
  3285 | D:4      | Killed Robin
  3323 | D:4      | Identified the +4 leather armour "Xurph" {MP+9 Str+5 Dex+3}
  3389 | D:4      | Reached XP level 6. HP: 56/56 MP: 5/5
  3483 | D:4      | HP: 2/56 [gnoll sergeant/+1 spear of distortion (3)]
  3484 | D:4      | Mangled by a gnoll sergeant

Illustrated notes

Levels and vault maps discovered:
D:1:      minmay_arrival_semitransparent, layout_basic
D:2:      layout_rooms, dilly_ecumenical_altar_fadedgnrine
D:3:      layout_basic, gup_sewer_entry_spiral, corexii_hall_statues_i
D:4:      layout_basic, minmay_temple_entry_statues_pillars,
          minmay_misc_feat_more_columns, lightli_minifort, uniq_robin

Skill      XL: |  1  2  3  4  5 |
---------------+----------------+-----
Armour         | 4 5 |  5.2
Fighting       | 4 5 |  5.1
Shields        | 4 |  4.0
Polearms       | 3 4 |  4.3
Dodging        | 1 2 |  2.4

Action                   |  1- 3 |  4- 6 || total
-------------------------+-------+-------++-------
Melee: Trident           |   102 |   160 ||   262
       Headbutt          |    10 |    23 ||    33
       Short sword       |       |     4 ||     4
 Fire: Sling             |     2 |     1 ||     3
  Use: Potion            |       |     1 ||     1
Armor: Scale mail        |    27 |    64 ||    91
Dodge: Dodged            |    36 |    92 ||   128
Block: Buckler           |    17 |    42 ||    59
